 Dungeon Crawl Stone Soup version 0.21.1-1-g345015fe64 (webtiles) character file.

262490 Duralumin the Gelid (level 19, -8/139 HPs)
             Began as a Purple Draconian Ice Elementalist on Feb 7, 2018.
             Was the Champion of Vehumet.
             Killed by the air
             ... invoked by a spriggan air mage
              (23 damage)
             ... in a wizard's laboratory on Feb 14, 2018.
             The game lasted 05:35:15 (39568 turns).

Duralumin the Gelid (DrIE)                         Turns: 39568, Time: 05:35:15

Health: -8/139     AC: 16    Str: 13    XL:     19   Next: 22%
Magic:  2/40       EV: 14    Int: 29    God:    Vehumet [******]
Gold:   2374       SH: 11    Dex: 12    Spells: 8/52 levels left

rFire    x . .     SeeInvis .   a - staff of energy
rCold    + . .     Gourm    .   c - +2 buckler
rNeg     . . .     Faith    .   (armour unavailable)
rPois    .         Spirit   .   (helmet restricted)
rElec    .         Reflect  +   u - +2 cloak {+Inv}
rCorr    .         Harm     .   Y - +2 pair of gloves
MR       ++...                  (no boots)
Stlth    +++.......             w - +4 amulet of reflection
HPRegen  1.33/turn              A - ring of the Establishment {Str+2 Int+6}
MPRegen  0.27/turn              s - ring of ice

@: lethally poisoned (-8 -> -8), about to teleport, very slightly contaminated,
regenerating (expiring)
A: breathe power, unfitting armour, cold-blooded, AC +10
}: 2/15 runes: decaying, gossamer
a: Breathe Dispelling Energy, Renounce Religion, Evoke Invisibility


You were in a wizard's laboratory.
You worshipped Vehumet.
Vehumet was exalted by your worship.
You were not hungry.

You visited 8 branches of the dungeon, and saw 35 of its levels.
You also visited: Ossuary and Wizlab.

You collected 3725 gold pieces.
You spent 1351 gold pieces at shops.

Inventory:

Hand Weapons
 b - the +8 whip "Snakebite" {curare, rPois}
   (You found it on level 2 of the Lair of Beasts)

   It poisons the flesh of those it strikes.
   It protects you from poison.
 H - a +2 whip of electrocution
Armour
 c - a +2 buckler (worn)
 q - a scarf of repulsion
 u - a +2 cloak of invisibility (worn)
 Y - a +2 pair of gloves (worn)
Magical Staves
 a - an uncursed staff of energy (weapon)
 Z - an uncursed staff of wizardry
Jewellery
 g - an uncursed ring of see invisible
 s - a ring of ice (right hand)
 w - a +4 amulet of reflection (around neck)
 y - a +5 ring of protection
 A - the ring of the Establishment (left hand) {Str+2 Int+6}
   (You found it on level 7 of the Dungeon)

   [ring of strength]

   It affects your strength (+2).
   It affects your intelligence (+6).
 G - an uncursed ring of ice
 I - an uncursed ring of protection from magic
 L - a +2 ring of evasion
Wands
 h - a wand of polymorph (31)
 k - a wand of flame (92)
 p - a wand of disintegration (28)
 z - a wand of digging (54)
 C - a wand of enslavement (40)
 E - a wand of clouds (2)
 M - a wand of paralysis (40)
 O - a wand of iceblast (22)
 P - a wand of acid (24)
 Q - a wand of scattershot (6)
Scrolls
 f - 14 scrolls of remove curse
 m - 14 scrolls of identify
 n - 9 scrolls of teleportation
 x - 3 scrolls of magic mapping
 U - 2 scrolls of fog
 V - 2 scrolls of holy word
 X - 2 scrolls of amnesia
Potions
 e - 6 potions of flight
 i - 2 potions of resistance
 j - 6 potions of heal wounds
 l - 3 potions of magic
 o - 2 potions of brilliance
 r - 8 potions of curing
 v - 4 potions of agility
 D - 7 potions of might
 F - 10 potions of ambrosia
 N - a potion of cancellation
 S - a potion of haste
Miscellaneous
 t - a lamp of fire (inert)
 J - a lightning rod (4/4)
 T - 3 boxes of beasts
 W - a phantom mirror
Comestibles
 d - 44 rations


   Skills:
 - Level 5.5 Fighting
 - Level 5.0 Dodging
 - Level 5.0 Stealth
 - Level 5.0 Shields
 + Level 17.4 Spellcasting
 + Level 18.1 Conjurations
 + Level 8.0 Charms
 - Level 4.1 Necromancy
 - Level 5.1 Translocations
 + Level 18.3 Ice Magic
 + Level 4.2 Air Magic
 - Level 10.0 Evocations


You had 8 spell levels left.
You knew the following spells:

 Your Spells              Type           Power        Failure   Level  Hunger
a - Freeze                Ice            ####         0%          1    None
b - Bolt of Cold          Conj/Ice       ########..   1%          6    None
c - Magic Dart            Conj           ####         0%          1    None
d - Ozocubu's Armour      Chrm/Ice       ########     1%          3    None
e - Throw Icicle          Conj/Ice       ########     0%          4    None
f - Blink                 Tloc           N/A          1%          2    None
g - Iskenderun's Mystic   Conj           #######.     0%          4    None
h - Ozocubu's Refrigerat  Ice            ########..   1%          6    None
i - Regeneration          Chrm/Necr      ######....   1%          3    None
j - Freezing Cloud        Conj/Ice/Air   ########..   1%          6    None
k - Apportation           Tloc           ######       1%          1    None
l - Orb of Destruction    Conj           #######...   1%          7    None


Dungeon Overview and Level Annotations

Branches:
Dungeon (15/15)            Temple (1/1) D:5            Lair (6/6) D:8
  Swamp (4/4) Lair:4       Spider (4/4) Lair:4        Slime (0/5) Lair:6
    Orc (2/2) D:11            Elf (2/3) Orc:2        Vaults (0/5) D:14
 Depths (1/5) D:15

Altars:
Ashenzari
Cheibriados
Dithmenos
Elyvilon
Fedhas
Gozag
Hepliaklqana
Kikubaaqudgha
Makhleb
Nemelex Xobeh
Okawaru
Qazlal
Ru
Sif Muna
Trog
Uskayaw
Vehumet
Wu Jian
Xom
Yredelemnul
Zin
The Shining One
Beogh
Jiyva

Shops:
D:9 =   D:15 (   Orc:2 [([*:   Elf:1 ==}[   Elf:2 (

Annotations:
Lair:3 exclusion: 2 oklob plants
Depths:1 the Enchantress


Innate Abilities, Weirdness & Mutations

You can breathe bolts of dispelling energy.
Your rich purple scales are hard. (AC +10)
You cannot fit into any form of body armour.
You are cold-blooded and may be slowed by cold attacks.


Message History

Unknown command.
Unknown command.
Unknown command.
As you read the scroll of fear, it crumbles to dust.
You assume a fearsome visage.
The apocalypse crab is unaffected.
The air elemental is unaffected.
The apocalypse crab is unaffected.
The wind drake looks frightened!
The shock serpent looks frightened!
Silouhekk resists with almost no effort.
The air elemental is unaffected.
The spark wasp resists with almost no effort.
The blizzard demon is unaffected.
The spriggan air mage resists with some effort.
The ghost crab is unaffected.
You feel sick.
A vortex of raging winds appears around the air elemental! x2
The air elemental hits you!
* * * LOW HITPOINT WARNING * * *
You block the spark wasp's attack.
The spriggan air mage waves its arms in wide circles.
The air twists around and strikes you!
You die...

########## ##
§§#..#..#..#§.#
§.§§.......§§.§
§§§........§§§
§§......tS.§§.§
§...t.E@.E2..k§
..§.§iy...@§§§.
§.§.......§.§§.
≈
§§§.§.....t.§§§
#≈
.§#..#..#..#§.#
###§§ #
########## ##
###§§§§
######§§§§§§
≈≈≈≈≈≈§§§§§§
.....§§E§§§


You could see Silouhekk the Cloud Mage, a blizzard demon, a spark wasp, a wind
drake (fleeing), a ghost crab, a shock serpent (fleeing), 2 apocalypse crabs, a
spriggan air mage and 2 air elementals.

Vanquished Creatures
  Saint Roka (Orc:2)
  Nikola (Swamp:2)
  Rupert (D:14)
  Asterion (Elf:1)
  Frances (D:14)
  Kirke (Spider:3)
  Roxanne (Swamp:2)
  2 orc warlords
  4 ghost moths
  2 very ugly things (Swamp:4)
  6 emperor scorpions (Spider:4)
  5 entropy weavers
  A deep elf demonologist (Elf:1)
  A dire elephant (Lair:6)
  A deep elf annihilator (Elf:1)
  2 fire dragons
  4 spark wasps
  A blizzard demon (WizLab)
  Fannar (Lair:3)
  2 ogre magi
  A spriggan air mage (WizLab)
  2 catoblepae (Lair:6)
  24 hydras
  Erica (D:8)
  10 two-headed ogres
  A death knight (D:13)
  3 ghost crabs
  7 alligators
  5 centaur warriors
  A queen ant (Spider:3)
  17 dancing weapons
  4 tengu warriors
  6 orc high priests (Orc:2)
  4 death yaks (Lair:6)
  Sonja (D:14)
  11 deep elf knights
  2 spriggan druids
  2 unseen horrors
  A death drake (WizLab)
  9 deep elf archers
  10 swamp dragons
  4 shambling mangroves
  A wolf spider zombie (D:14)
  8 orc knights
  4 lindwurms
  40 deep elf magi
  The ghost of grerr the Cleaver, a novice DDFi of Makhleb (D:6)
  A deep troll (D:15)
  20 orb spiders
  Pikel (D:6)
  28 wolf spiders
  An ugly thing (D:15)
  6 manticores
  5 orc sorcerers
  A cyclops (Orc:2)
  2 moths of wrath
  An elephant (Lair:5)
  A guardian serpent (shapeshifter) (D:15)
  Joseph (D:7)
  A torpor snail (Lair:6)
  10 black mambas
  A water nymph (shapeshifter) (D:15)
  Psyche (D:12)
  25 spiny frogs
  3 centaur skeletons
  A rime drake (shapeshifter) (D:14)
  2 kobold demonologists (D:13)
  6 rime drakes
  8 komodo dragons
  A freezing wraith (D:15)
  12 demonic crawlers
  2 tengu conjurers (D:13)
  A queen bee (Spider:3)
  3 meliai (Spider:3)
  5 tyrant leeches
  41 jumping spiders
  3 polar bears
  12 trolls
  11 hornets
  30 blink frogs
  7 bog bodies
  8 dream sheep
  12 hippogriffs
  6 slime creatures
  74 redbacks
  3 spriggans
  A meliai zombie (D:13)
  3 shadows
  A water elemental (D:15)
  A wraith (D:10)
  8 basilisks
  32 tarantellas
  3 air elementals
  18 yaks
  6 wyverns
  2 fire elementals (Elf:1)
  A steam dragon (D:10)
  16 humans (D:14)
  15 vampire mosquitoes
  4 hungry ghosts
  14 insubstantial wisps
  7 wargs
  18 soldier ants (Spider:3)
  16 swamp worms
  Duvessa (D:6)
  An acid dragon (D:8)
  11 porcupines
  24 water moccasins
  An ice beast (D:15)
  19 swamp drakes
  50 orc warriors
  4 sky beasts
  A black bear (shapeshifter) (Elf:1)
  3 phantoms
  13 ogres
  3 necrophages
  11 centaurs
  12 wolves
  19 crocodiles
  3 big kobolds
  23 bullfrogs
  An earth elemental (Elf:1)
  Dowan (D:6)
  2 wyvern zombies
  3 water moccasin zombies (Ossuary)
  A wyvern skeleton (D:14)
  3 scorpions
  2 water moccasin skeletons
  50 killer bees
  5 howler monkeys
  14 wights
  An electric eel (Spider:4)
  2 centaur zombies
  5 bullfrog zombies
  8 crimson imps
  2 quasits
  2 bullfrog skeletons
  27 orc priests
  A jelly (D:6)
  2 hounds
  3 iguanas
  43 orc wizards
  32 worker ants
  3 big kobold zombies (Ossuary)
  2 hound skeletons
  A hound zombie (D:6)
  2 mummies (Ossuary)
  Robin (D:4)
  16 adders
  A howler monkey skeleton (D:7)
  8 gnolls
  4 shadow imps
  An ooze (D:2)
  3 adder zombies (Ossuary)
  An adder skeleton (D:4)
  5 worms
  2 dart slugs
  6 leopard geckos
  116 orcs
  3 giant cockroaches
  3 gnoll zombies (Ossuary)
  14 goblins
  9 hobgoblins
  11 jackals
  8 quokkas
  3 ball pythons
  5 bats
  A frilled lizard (D:3)
  4 hobgoblin zombies (Ossuary)
  A jackal skeleton (D:6)
  22 kobolds
  A kobold skeleton (D:8)
  2 kobold zombies (Ossuary)
  6 orc zombies (Ossuary)
  A quokka skeleton (D:6)
  8 rats
  A bush (Lair:6)
  11 fungi
  9 plants
1446 creatures vanquished.

Vanquished Creatures (others)
  A centaur warrior (D:14)
  Urug (D:13)
  2 wind drakes (WizLab)
  4 humans
  An orc warrior (D:12)
  3 slaves (D:6)
  4 centaurs (D:12)
  An orc wizard (D:6)
  A worker ant (Spider:3)
  3 gnolls (D:6)
  2 orcs (D:6)
  An orc zombie (Ossuary)
  9 fungi
  2 plants
35 creatures vanquished.

Grand Total: 1481 creatures vanquished

Notes
Turn   | Place    | Note
-------+----------+-------------------------------------------
     0 | D:1      | Duralumin the Draconian Ice Elementalist began the quest for the Orb.
     0 | D:1      | Reached XP level 1. HP: 14/14 MP: 3/3
   230 | D:1      | Found a glowing golden altar of the Shining One.
   241 | D:1      | Reached XP level 2. HP: 18/20 MP: 3/5
   438 | D:1      | Learned a level 2 spell: Throw Frost
   846 | D:2      | Reached XP level 3. HP: 25/26 MP: 1/7
  1354 | D:2      | Reached XP level 4. HP: 14/33 MP: 1/8
  1908 | D:3      | Found a stormy altar of Qazlal.
  1908 | D:3      | Noticed an air elemental
  1910 | D:3      | Noticed a water elemental
  1910 | D:3      | Noticed an earth elemental
  1910 | D:3      | Noticed a fire elemental
  2199 | D:3      | Reached XP level 5. HP: 38/38 MP: 9/9
  2783 | D:4      | Noticed an ogre
  2817 | D:3      | Killed an ogre
  2817 | D:3      | Reached XP level 6. HP: 26/45 MP: 2/11
  2907 | D:4      | Reached skill level 5 in Ice Magic
  2982 | D:4      | Found a sand-covered staircase.
  3001 | Ossuary  | Entered an ossuary
  3058 | Ossuary  | Learned a level 1 spell: Magic Dart
  3062 | Ossuary  | Learned a level 3 spell: Ozocubu's Armour
  3067 | Ossuary  | Learned a level 4 spell: Throw Icicle
  3070 | Ossuary  | Learned a level 2 spell: Blink
  3186 | Ossuary  | Your scales start taking on a rich purple colour.
  3186 | Ossuary  | Reached skill level 5 in Spellcasting
  3186 | Ossuary  | Reached XP level 7. HP: 31/50 MP: 2/15
  3644 | Ossuary  | Reached skill level 1 in Charms
  3920 | D:4      | Noticed Robin
  3947 | D:4      | Killed Robin
  4403 | D:5      | Entered Level 5 of the Dungeon
  4447 | D:5      | You fall through a shaft!
  4544 | D:5      | Reached XP level 8. HP: 34/57 MP: 10/17
  4661 | D:5      | Reached skill level 5 in Conjurations
  4684 | D:5      | Found a staircase to the Ecumenical Temple.
  4757 | Temple   | Entered the Ecumenical Temple
  4767 | Temple   | Became a worshipper of Vehumet
  5148 | D:5      | Found a glowing golden altar of the Shining One.
  5148 | D:5      | Found a white marble altar of Elyvilon.
  5148 | D:5      | Found a glowing silver altar of Zin.
  5416 | D:6      | Noticed Duvessa
  5465 | D:6      | Noticed Pikel
  5473 | D:6      | Killed Pikel
  5496 | D:6      | Noticed Dowan
  5645 | D:6      | Killed Duvessa
  5794 | D:6      | Killed Dowan
  6093 | D:6      | Reached XP level 9. HP: 62/62 MP: 15/20
  6284 | D:6      | Noticed grerr's ghost (novice DDFi)
  6331 | D:6      | Killed grerr's ghost
  6331 | D:6      | Reached skill level 1 in Translocations
  6490 | D:6      | Found a stormy altar of Qazlal.
  6654 | D:7      | Noticed Joseph
  6683 | D:7      | Killed Joseph
  6982 | D:7      | Found a transporter.
  6997 | D:7      | Noticed an ogre mage
  6997 | D:7      | Found a roughly hewn altar of Beogh.
  7004 | D:7      | Killed an ogre mage
  7004 | D:7      | Reached XP level 10. HP: 69/69 MP: 5/22
  7009 | D:7      | Noticed a two-headed ogre
  7273 | D:7      | Killed a two-headed ogre
  7273 | D:7      | Reached skill level 1 in Fighting
  7282 | D:7      | Reached * piety under Vehumet
  7282 | D:7      | Offered knowledge of Flame Tongue by Vehumet.
  7302 | D:7      | Got a flickering turquoise ring
  7318 | D:7      | Found a transporter.
  7343 | D:7      | Identified the ring of the Establishment {Str+2 Int+6} (You found it on level 7 of the Dungeon)
  7360 | D:7      | Learned a level 4 spell: Iskenderun's Mystic Blast
  7957 | D:8      | Reached skill level 5 in Translocations
  8107 | D:8      | Found a bloodstained altar of Trog.
  8107 | D:8      | Found a sacrificial altar of Ru.
  8108 | D:8      | Found a snail-covered altar of Cheibriados.
  8108 | D:8      | Found a hazy altar of Hepliaklqana.
  8108 | D:8      | Found an iron altar of Okawaru.
  8110 | D:8      | Found a hide-covered altar of Uskayaw.
  8110 | D:8      | Found an ornate altar of the Wu Jian Council.
  8111 | D:8      | Found a sparkling altar of Nemelex Xobeh.
  8208 | D:8      | Found a runed door.
  8222 | D:8      | Found a basalt altar of Yredelemnul.
  8438 | D:8      | Noticed Erica
  8442 | D:8      | Killed Erica
  8475 | D:8      | Reached skill level 10 in Spellcasting
  8601 | D:8      | Found a staircase to the Lair.
  8861 | D:8      | Reached XP level 11. HP: 82/82 MP: 13/25
  8963 | D:8      | Noticed a two-headed ogre
  8972 | D:8      | Killed a two-headed ogre
  9255 | D:9      | Found Zeulauph's Jewellery Shoppe.
  9263 | D:9      | Bought a +4 amulet of reflection for 432 gold pieces
  9341 | D:9      | Reached ** piety under Vehumet
  9426 | D:9      | Offered knowledge of Sandblast by Vehumet.
  9752 | D:9      | Found a deep blue altar of Sif Muna.
 10224 | D:9      | Reached skill level 1 in Evocations
 10231 | D:10     | Entered Level 10 of the Dungeon
 10250 | D:10     | Reached skill level 10 in Ice Magic
 10387 | Lair:1   | Entered Level 1 of the Lair of Beasts
 10401 | Lair:1   | Found a shimmering altar of Xom.
 11053 | Lair:1   | Offered knowledge of Ignite Poison by Vehumet.
 11762 | Lair:1   | Reached skill level 10 in Conjurations
 12035 | Lair:2   | Reached *** piety under Vehumet
 12037 | Lair:2   | Noticed a five-headed hydra
 12082 | Lair:2   | Killed a five-headed hydra
 12209 | Lair:2   | Reached skill level 5 in Evocations
 12331 | Lair:2   | Noticed a six-headed hydra
 12838 | Lair:2   | Reached XP level 12. HP: 89/89 MP: 21/26
 12958 | Lair:2   | Found the +8 whip "Snakebite" {curare, rPois}
 13107 | Lair:2   | Offered knowledge of Olgreb's Toxic Radiance by Vehumet.
 13969 | Lair:3   | Reached **** piety under Vehumet
 14089 | Lair:3   | Noticed Fannar
 14133 | Lair:3   | Killed Fannar
 14632 | Lair:3   | Offered knowledge of Static Discharge by Vehumet.
 16041 | Lair:3   | Reached XP level 13. HP: 94/94 MP: 9/27
 16477 | Lair:4   | Reached ***** piety under Vehumet
 16477 | Lair:4   | Offered knowledge of Ozocubu's Refrigeration by Vehumet.
 16478 | Lair:4   | Found a hole to the Spider Nest.
 16500 | Lair:4   | Learned a level 6 spell: Ozocubu's Refrigeration
 16832 | Lair:4   | Found a staircase to the Swamp.
 16836 | Lair:4   | Found an iron altar of Okawaru.
 17975 | Lair:5   | Reached skill level 5 in Fighting
 18588 | Lair:6   | Entered Level 6 of the Lair of Beasts
 19754 | Lair:6   | Found a staircase to the Slime Pits.
 19755 | Lair:6   | Found a viscous altar of Jiyva.
 19964 | Lair:6   | Noticed a dire elephant
 20353 | Lair:6   | Killed a dire elephant
 20353 | Lair:6   | Reached XP level 14. HP: 107/107 MP: 11/29
 21208 | D:9      | Bought an uncursed ring of see invisible for 240 gold pieces
 21334 | D:10     | Found a deep blue altar of Sif Muna.
 21377 | D:10     | Found a shadowy altar of Dithmenos.
 22093 | D:11     | Offered knowledge of Venom Bolt by Vehumet.
 22740 | D:11     | Found a staircase to the Orcish Mines.
 23014 | Orc:1    | Entered Level 1 of the Orcish Mines
 23291 | Orc:2    | Entered Level 2 of the Orcish Mines
 23302 | Orc:2    | Found Adul Piuwn's Antique Armour Boutique.
 24179 | Orc:2    | Noticed an orc warlord
 24344 | Orc:2    | Killed an orc warlord
 24344 | Orc:2    | Reached skill level 15 in Ice Magic
 25027 | Orc:2    | Found Umifia's General Store.
 25027 | Orc:2    | Found Guluhusm's Book Emporium.
 25030 | Orc:2    | Found Vohuw's Antique Armour Shoppe.
 25030 | Orc:2    | Found Zuaxiwn's Antique Weapon Shoppe.
 25074 | Orc:2    | Bought a shiny buckler for 247 gold pieces
 25085 | Orc:2    | Bought a book of Necromancy for 360 gold pieces
 25090 | Orc:2    | Learned a level 3 spell: Regeneration
 25108 | Orc:2    | Bought 2 potions of curing for 72 gold pieces
 25195 | Orc:2    | Noticed Saint Roka
 25198 | Orc:2    | Offered knowledge of Freezing Cloud by Vehumet.
 25199 | Orc:2    | Reached ****** piety under Vehumet
 25199 | Orc:2    | Reached skill level 1 in Shields
 25202 | Orc:2    | Found a staircase to the Elven Halls.
 25205 | Orc:2    | Killed Saint Roka
 25205 | Orc:2    | Reached XP level 15. HP: 82/113 MP: 10/32
 25563 | Orc:1    | Noticed an orc warlord
 25567 | Orc:1    | Killed an orc warlord
 25569 | Orc:1    | Reached skill level 5 in Shields
 25903 | D:12     | Noticed Psyche
 25906 | D:12     | Killed Psyche
 26152 | D:12     | Reached skill level 1 in Necromancy
 26201 | D:12     | Learned a level 6 spell: Freezing Cloud
 26309 | D:12     | Reached skill level 5 in Charms
 26934 | D:13     | Reached skill level 15 in Conjurations
 27251 | D:13     | Learned a level 1 spell: Apportation
 27277 | D:13     | Noticed Urug
 27280 | D:13     | Killed Urug
 27347 | D:13     | Offered knowledge of Lee's Rapid Deconstruction by Vehumet.
 27632 | D:14     | Found a gate to the Vaults.
 27632 | D:14     | Noticed Rupert
 27638 | D:14     | Killed Rupert
 27894 | D:14     | Noticed Frances
 27994 | D:14     | Killed Frances
 28051 | D:14     | Noticed Sonja
 28060 | D:14     | Killed Sonja
 28170 | D:14     | Identified the Catalogue of Stones
 28517 | D:15     | Entered Level 15 of the Dungeon
 28579 | D:15     | Found Nessofepp's Weapon Boutique.
 28789 | D:15     | Found a deep blue altar of Sif Muna.
 28965 | D:15     | Reached XP level 16. HP: 121/121 MP: 22/34
 29116 | D:15     | Found a staircase to the Depths.
 29853 | Swamp:1  | Entered Level 1 of the Swamp
 29956 | Swamp:1  | Offered knowledge of Orb of Destruction by Vehumet.
 29965 | Swamp:1  | Learned a level 7 spell: Orb of Destruction
 30708 | Swamp:2  | Noticed Nikola
 30790 | Swamp:2  | Killed Nikola
 30865 | Swamp:2  | Noticed Roxanne
 30883 | Swamp:2  | Killed Roxanne
 31911 | Swamp:3  | Offered knowledge of Bolt of Cold by Vehumet.
 31925 | Swamp:3  | Learned a level 6 spell: Bolt of Cold
 32129 | Swamp:4  | Entered Level 4 of the Swamp
 32362 | Swamp:4  | Reached skill level 15 in Spellcasting
 32598 | Swamp:4  | Reached XP level 17. HP: 114/126 MP: 14/36
 32824 | Swamp:4  | Got a decaying rune of Zot
 32888 | Swamp:4  | Reached skill level 10 in Evocations
 33470 | Spider:1 | Entered Level 1 of the Spider Nest
 33476 | Spider:1 | Offered knowledge of Bolt of Fire by Vehumet.
 34634 | Spider:2 | Offered knowledge of Lehudib's Crystal Spear by Vehumet.
 34634 | Spider:2 | Offered knowledge of Glaciate by Vehumet.
 34634 | Spider:2 | Offered knowledge of Shatter by Vehumet.
 35618 | Spider:3 | Noticed Kirke
 35621 | Spider:3 | Killed Kirke
 35621 | Spider:3 | Reached XP level 18. HP: 116/133 MP: 9/38
 36046 | Spider:4 | Entered Level 4 of the Spider Nest
 37075 | Spider:4 | Reached skill level 5 in Stealth
 37127 | Spider:4 | Got a gossamer rune of Zot
 37676 | Depths:1 | Entered Level 1 of the Depths
 37680 | Depths:1 | Noticed the Enchantress
 37877 | Elf:1    | Entered Level 1 of the Elven Halls
 38090 | Elf:1    | Reached skill level 5 in Dodging
 38109 | Elf:1    | Reached skill level 1 in Air Magic
 38116 | Elf:1    | Found Feobbublaxt's Antique Armour Emporium.
 38454 | Elf:1    | Noticed Asterion
 38464 | Elf:1    | Killed Asterion
 38861 | Elf:1    | Found Soabopa's Gadget Emporium.
 38861 | Elf:1    | Found Rusk's Jewellery Shop.
 38862 | Elf:1    | Found Otuafum's Jewellery Shop.
 39168 | Elf:2    | Found Qory's Antique Weapon Emporium.
 39179 | Elf:2    | Reached XP level 19. HP: 102/139 MP: 12/40
 39321 | Elf:2    | Found a deep blue altar of Sif Muna.
 39437 | Elf:2    | Found a magical portal.
 39512 | WizLab   | Entered The Chambers of the Cloud Mage
 39566 | WizLab   | Noticed Silouhekk
 39568 | WizLab   | Killed from afar by a spriggan air mage

Skill      XL: |  1  2  3  4  5  6  7  8  9 10 11 12 13 14 15 16 17 18 19 |
---------------+----------------------------------------------------------+-----
Spellcasting   | 3 5 6 7 8 10 11 13 14 15 16 17 | 17.4
Ice Magic      | 4 5 6 7 8 9 11 13 14 15 16 17 18 | 18.3
Conjurations   | 2 3 4 6 7 8 10 12 13 14 15 16 17 18 | 18.1
Charms         | 2 4 6 7 8 |  8.0
Translocations | 3 5 |  5.1
Fighting       | 3 5 |  5.5
Evocations     | 5 6 9 10 | 10.0
Shields        | 3 5 |  5.0
Necromancy     | 4 |  4.1
Stealth        | 3 5 |  5.0
Dodging        | 2 5 |  5.0
Air Magic      | 3 4 |  4.2

Action                   |  1- 3 |  4- 6 |  7- 9 | 10-12 | 13-15 | 16-18 | 19-21 || total
-------------------------+-------+-------+-------+-------+-------+-------+-------++-------
Melee: Dagger            |    56 |    99 |   129 |       |       |       |       ||   284
       Unarmed           |     1 |       |       |       |       |       |       ||     1
       Tailslap          |     3 |    14 |    13 |    14 |     1 |       |       ||    45
       Hand axe          |       |       |    20 |       |       |       |       ||    20
       Whip              |       |       |    22 |   101 |       |       |       ||   123
       Staff             |       |       |       |    13 |     2 |       |       ||    15
 Fire: Blowgun           |       |    12 |       |       |       |       |       ||    12
Throw: Stone             |       |       |       |     1 |       |       |       ||     1
 Cast: Freeze            |    60 |    72 |    57 |   177 |    72 |     1 |       ||   439
       Throw Frost       |       |    21 |    16 |   106 |    82 |     2 |       ||   227
       Magic Dart        |       |     4 |    21 |     2 |       |     2 |       ||    29
       Throw Icicle      |       |     2 |    49 |   214 |   435 |   409 |    22 ||  1131
       Ozocubu's Armour  |       |     1 |       |     6 |     4 |     4 |       ||    15
       Iskenderun's Myst |       |       |       |    28 |     3 |       |       ||    31
       Ozocubu's Refrige |       |       |       |       |    88 |   109 |     4 ||   201
       Blink             |       |       |       |       |     5 |     2 |     2 ||     9
       Regeneration      |       |       |       |       |    18 |    62 |    12 ||    92
       Freezing Cloud    |       |       |       |       |     2 |     7 |     2 ||    11
       Bolt of Cold      |       |       |       |       |       |   205 |    24 ||   229
       Orb of Destructio |       |       |       |       |       |     7 |     1 ||     8
 Abil: Breathe Dispellin |       |       |     3 |     1 |     2 |       |       ||     6
Evoke: Staff of energy   |       |       |       |    14 |   221 |   639 |    67 ||   941
       Wand              |       |       |       |       |     3 |     9 |     2 ||    14
       Lamp of fire      |       |       |       |       |     1 |       |     1 ||     2
       Lightning rod     |       |       |       |       |       |     1 |       ||     1
  Use: Scroll            |     3 |     1 |     2 |    15 |     9 |    12 |     5 ||    47
       Potion            |       |     4 |     2 |     9 |     8 |     1 |     5 ||    29
 Stab: Sleeping          |     1 |     1 |       |     2 |       |       |       ||     4
  Eat: Chunk             |     1 |     7 |    10 |    28 |    39 |    33 |       ||   118
       Ration            |       |       |     3 |       |     4 |    12 |     2 ||    21
Armor: Skin              |    36 |    52 |    64 |   129 |    54 |    98 |    13 ||   446
Dodge: Dodged            |    80 |    97 |   119 |   226 |   108 |    90 |    12 ||   732
Block: Other             |       |       |       |    49 |    15 |       |       ||    64
       Buckler           |       |       |       |       |    35 |   105 |    13 ||   153
       Reflection        |       |       |       |       |    19 |     1 |     1 ||    21
